Unix NetHack Version 5.0.0-0 post-release - last build May 31 2026 23:59:36 (970b52f25bf058293b47ddfd14a1e40e571c508c,branch:main).

Game began 2026-06-04 01:06:39, ended 2026-06-04 01:36:30.

Enkindle23, neutral female human Tourist

                                 ----
                                 |..----------
                                 |...@a^.....|
                                 |^-----.....|
                                --.|   |.....|
                                |..----|.....|
                                |...%.<|.....|
                                |---------.---
                                |..--->---..|
                                |...........|
                                |.``.----...|
                                |....|  |...|
                                ------  -----

Enkindle23 the Sightseer    St:12 Dx:15 Co:18 In:10 Wi:6 Ch:14  Neutral
Dlvl:6  $:98 HP:0(38) Pw:9(9) AC:9  Xp:4 T:1199 

Latest messages:
 Your kitten eats a mountain nymph corpse.
 You stop.  Your kitten is in the way!
 You swap places with your kitten.
 With great effort you move the boulder.
 The boulder suddenly rolls away from you!
 Thump!
 You escape a rolling boulder trap.
 The boulder suddenly rolls away from you!
 You hear a boulder fall.
 Click!  You trigger a rolling boulder trap!
 No boulder was released.
 The kitten misses the red mold.
 The kitten is suddenly very hot!
 The kitten misses the red mold.
 The kitten is suddenly very hot!
 You cannot pass that way.
 With great effort you move the boulder.
 With great effort you move the boulder.
 With great effort you move the boulder.
 With great effort you move the boulder.
 In what direction? 2
 You kill the red mold!
 a - a +2 dart (at the ready) (33 in total).
 K - a potion of extra healing.
 With great effort you move the boulder.
 The boulder suddenly rolls away from you!
 Thump!
 Click!  You trigger a rolling boulder trap!
 No boulder was released.
 The boulder suddenly rolls away from you!
 You hear a boulder fall.
 Click!  You trigger a rolling boulder trap!
 No boulder was released.
 Click!  You trigger a rolling boulder trap!
 No boulder was released.
 The giant beetle bites!
 You miss the giant beetle.
 The giant beetle bites!
 You hit the giant beetle.
 You miss the giant beetle.
 The giant beetle bites!
 In what direction? 6
 The dart hits the giant beetle.
 The giant beetle bites!
 You die...
 Do you want your possessions identified? [ynq] (y) y
 Do you want to see your attributes? [ynq] (y) y
 Do you want an account of creatures vanquished? [ynaq] (y) y
 Do you want to see your conduct and achievements? [ynq] (y) y
 Do you want to see the dungeon overview? [ynq] (y) y

Inventory:
 Coins    ('$')
  $ - 98 gold pieces
 Weapons  (')')
  r - 7 blessed +0 arrows
  a - 32 +2 darts (at the ready)
  q - 2 +0 daggers
  A - 2 +0 orcish daggers
 Armor    ('[')
  y - an uncursed +0 pair of gauntlets of dexterity (being worn)
  k - an uncursed +0 Hawaiian shirt with a tropical fish motif (being worn)
 Comestibles  ('%')
  c - 2 uncursed slime molds
  e - an uncursed carrot
  b - 7 uncursed food rations
  d - 3 uncursed lembas wafers
  F - an uncursed tripe ration
 Scrolls  ('?')
  H - an uncursed scroll of earth
  I - a cursed scroll of earth
  w - an uncursed scroll of enchant armor
  p - an uncursed scroll of gold detection
  C - a blessed scroll of identify
  t - an uncursed scroll of identify
  i - a blessed scroll of magic mapping
  j - 3 uncursed scrolls of magic mapping
 Spellbooks  ('+')
  n - an uncursed spellbook of confuse monster
 Potions  ('!')
  K - an uncursed potion of extra healing
  h - an uncursed potion of object detection
 Rings    ('=')
  E - an uncursed ring of shock resistance
 Wands    ('/')
  o - a wand of polymorph (0:4)
  G - a wand of stasis (0:6)
  z - a wand of striking (0:5)
 Tools    ('(')
  m - an uncursed credit card
  l - an expensive camera (0:54)
  u - an uncursed lock pick
  v - an uncursed lock pick
  B - an uncursed tin whistle
 Gems/Stones  ('*')
  D - 2 uncursed amethyst stones
  s - 2 cursed jet stones

Enkindle23 the Tourist's attributes:

Background:
 You were a Sightseer, a level 4 female human Tourist.
 You were neutral, on a mission for The Lady
 who was opposed by Blind Io (lawful) and Offler (chaotic).
 You were right-handed.
 You were in Sokoban, on level 6.
 You entered the dungeon 1199 turns ago.
 It was nighttime.
 You had 140 experience points, 20 more were needed to attain level 5.

Basics:
 You had 0 out of 38 hit points.
 You had all 9 energy points (spell power).
 Your armor class was 9.
 Your wallet contained 98 zorkmids.
 Autopickup was off.

Final Characteristics:
 Your strength was 12 (limit:18/100).
 Your dexterity was 15 (limit:18).
 Your constitution was 18 (limit:18).
 Your intelligence was 10 (limit:18).
 Your wisdom was 6 (limit:18).
 Your charisma was 14 (limit:18).

Final Status:
 You weren't hungry.
 You were unencumbered.
 You were empty handed.
 You were unskilled in bare handed combat.

Final Attributes:
 You were fervently aligned.
 You are dead.

Miscellaneous:
 You didn't encounter any bones levels.
 Total elapsed playing time was 19 minutes and 20 seconds.

Major events:
 Turn
    1: Enkindle23 the neutral female human Tourist entered the dungeon
  478: attained the rank of Sightseer (level 3)
  935: entered Sokoban
 1199: killed by a giant beetle

You didn't know any spells.

Skills:
 Fighting Skills
   bare handed combat [Unskilled]
   two weapon combat  [Unskilled]
   riding             [Unskilled]
 Weapon Skills
   dagger             [Unskilled]
   knife              [Unskilled]
   axe                [Unskilled]
   pick-axe           [Unskilled]
   short sword        [Unskilled]
   broadsword         [Unskilled]
   long sword         [Unskilled]
   two-handed sword   [Unskilled]
   saber              [Unskilled]
   mace               [Unskilled]
   morning star       [Unskilled]
   flail              [Unskilled]
   hammer             [Unskilled]
   quarterstaff       [Unskilled]
   polearms           [Unskilled]
   spear              [Unskilled]
   trident            [Unskilled]
   lance              [Unskilled]
   bow                [Unskilled]
   sling              [Unskilled]
   crossbow           [Unskilled]
   dart               [Basic]
   shuriken           [Unskilled]
   boomerang          [Unskilled]
   whip               [Unskilled]
   unicorn horn       [Unskilled]
 Spellcasting Skills
   divination spells  [Unskilled]
   enchantment spells [Unskilled]
   escape spells      [Unskilled]

Voluntary challenges:
 Character rerolling was not enabled.
 You never hit with a wielded weapon.
 You were illiterate.
 You never genocided any monsters.
 You never polymorphed an object.
 You never changed form.
 You used no wishes.
 You did not violate any of the special Sokoban rules.
Achievements:
 You attained the rank of Sightseer.
 You entered Sokoban.

 The Dungeons of Doom: levels 1 to 7
    Level 1:
    Level 2:
       A fountain.
    Level 3:
       A fountain, a sink.
    Level 4:
    Level 5:
    Level 6:
       Many fountains.
    Level 7:
       Stairs up to Sokoban, level 6.
 Sokoban:
    Level 6: <- You were here.
       Unsolved.
       Final resting place for
          you, killed by a giant beetle.


Vanquished creatures:
  a mountain nymph
  3 giant ants
  2 hill orcs
  a rabid rat
 an orc zombie
  a werejackal
  a hobbit
  2 manes
  a red mold
  2 jackals
  3 grid bugs
  a lichen
19 creatures vanquished.

No species were genocided or became extinct.

Game over:
                       ----------
                      /          \
                     /    REST    \
                    /      IN      \
                   /     PEACE      \
                  /                  \
                  |    Enkindle23    |
                  |      98 Au       |
                  |   killed by a    |
                  |   giant beetle   |
                  |                  |
                  |                  |
                  |       2026       |
                 *|     *  *  *      | *
        _________)/\\_//(\/(/\)/\//\/|_)_______

Aloha Enkindle23 the Tourist...

You died in Sokoban on dungeon level 6 with 870 points,
and 98 pieces of gold, after 1199 moves.
You were level 4 with a maximum of 38 hit points when you died.

